 Dungeon Crawl Stone Soup version 0.21.1-1-g345015f (webtiles) character file.

11890 Mesmaeker13 the Basher (level 11, -3/84 HPs)
             Began as a Yellow Draconian Skald on Apr 26, 2018.
             Was a Follower of Ashenzari.
             Slain by a komodo dragon (27 damage)
             ... on level 1 of the Lair of Beasts.
             The game lasted 00:30:47 (12923 turns).

Mesmaeker13 the Basher (Yellow Draconian Skald)    Turns: 12923, Time: 00:30:47

Health: -3/84      AC:  9    Str: 16    XL:     11   Next: 55%
Magic:  6/14       EV: 13    Int: 19    God:    Ashenzari [*.....]
Gold:   757        SH: 10    Dex: 12    Spells: 1/14 levels left

rFire    . . .     SeeInvis .   M - +2 scimitar (flame)
rCold    . . .     Gourm    .   d - +0 shield
rNeg     . . .     Faith    .   (armour unavailable)
rPois    .         Spirit   .   (helmet restricted)
rElec    .         Reflect  .   (no cloak)
rCorr    +         Harm     .   x - +0 pair of gloves (curse)
MR       .....                  u - +0 pair of boots (curse)
Stlth    +.........             e - amulet of regeneration (curse)
HPRegen  0.64/turn              a - +6 ring of intelligence
MPRegen  0.14/turn              E - ring of wizardry

@: shrouded
A: spit acid, acid resistance, unfitting armour, cold-blooded, AC +7
a: Breathe Acid, Curse Item, Scrying, Renounce Religion


You were on level 1 of the Lair of Beasts.
You worshipped Ashenzari.
Ashenzari was aware of your devotion.
You were hungry.

You visited 3 branches of the dungeon, and saw 12 of its levels.

You collected 757 gold pieces.

Inventory:

Hand Weapons
 g - a +0 double sword
 m - a +2 flail of venom
 M - a +2 scimitar of flaming (weapon)
Missiles
 D - a throwing net (quivered)
Armour
 d - a +0 shield (worn)
 u - a cursed +0 pair of boots (worn)
 x - a cursed +0 pair of gloves (worn)
Jewellery
 a - a +6 ring of intelligence (left hand)
 e - a cursed amulet of regeneration (around neck)
 v - an uncursed ring of fire
 E - a ring of wizardry (right hand)
 N - an uncursed ring of protection from cold
 Q - the ring of Eternal Harmony {MR+ Str+4}
   (You found it on level 9 of the Dungeon)

   [ring of protection from magic]

   It affects your strength (+4).
   It affects your resistance to hostile enchantments.
Wands
 k - a wand of iceblast (7)
 C - a wand of paralysis (5)
 J - a wand of disintegration (8)
Scrolls
 h - 5 scrolls of remove curse
 i - 5 scrolls of teleportation
 j - a scroll of summoning {unknown}
 w - a scroll of fear
 y - a scroll of fog
 G - 2 scrolls of magic mapping {unknown}
 H - a scroll of blinking
 L - a scroll of brand weapon {unknown}
Potions
 f - 4 potions of flight {unknown}
 l - 4 potions of curing
 n - a potion of heal wounds {unknown}
 o - 4 potions of haste
 q - 3 potions of mutation
 s - 5 potions of agility
 z - a potion of cancellation {unknown}
 A - 2 potions of degeneration {unknown}
 B - a potion of might {unknown}
 W - 2 potions of resistance {unknown}
Comestibles
 b - 4 chunks of flesh
 c - 26 rations


   Skills:
 - Level 4.2 Fighting
 + Level 1.6 Long Blades
 - Level 11.2 Maces & Flails
   Level 2.8 Polearms
 - Level 5.8 Dodging
 + Level 7.9 Shields
 - Level 2.0 Spellcasting
 - Level 5.8 Hexes
 - Level 5.0 Charms
 + Level 2.8 Necromancy
 - Level 5.0 Translocations


You had one spell level left.
You knew the following spells:

 Your Spells              Type           Power        Failure   Level  Hunger
a - Infusion              Chrm           ###.         2%          1    #......
b - Shroud of Golubria    Chrm/Tloc      ###.......   3%          2    ###....
c - Spectral Weapon       Hex/Chrm       ###.....     5%          3    ###....
d - Regeneration          Chrm/Necr      ###.......   10%         3    ###....
e - Animate Dead          Necr           N/A          45%         4    #####..


Dungeon Overview and Level Annotations

Branches:
Dungeon (10/15)            Temple (1/1) D:7            Lair (1/6) D:9
    Orc (0/2) D:9

Altars:
Ashenzari
Cheibriados
Dithmenos
Elyvilon
Fedhas
Gozag
Hepliaklqana
Kikubaaqudgha
Makhleb
Nemelex Xobeh
Okawaru
Qazlal
Ru
Sif Muna
Trog
Uskayaw
Vehumet
Wu Jian
Xom
Yredelemnul
Zin
The Shining One

Shops:
D:10 =

Annotations:
D:3 Leybi's ghost, amateur MiFi
D:9 Verendum's ghost, novice MiGl
Lair:1 exclusion: plant


Innate Abilities, Weirdness & Mutations

You can spit globs of acid.
You are resistant to acid.
Your golden yellow scales are hard. (AC +7)
You cannot fit into any form of body armour.
You are cold-blooded and may be slowed by cold attacks.


Message History

You draw out your weapon's spirit!
The komodo dragon bites your spectral weapon!!
Your spectral weapon shares its damage with you!
Your spectral weapon fades away.
Casting: Spectral Weapon
Confirm with . or Enter, or press ? or * to list all spells.
You renew your shroud.
You are feeling hungry.
Casting: Shroud of Golubria
Confirm with . or Enter, or press ? or * to list all spells.
You draw out your weapon's spirit!
The komodo dragon bites you!!
You barely miss the komodo dragon.
Your spectral weapon barely misses the komodo dragon.
The komodo dragon bites you!!
* * * LOW HITPOINT WARNING * * *
You hit the komodo dragon. You burn the komodo dragon.
The komodo dragon is lightly wounded.
Your spectral weapon hits the komodo dragon but does no damage.
The komodo dragon bites you!!
You die...

P♣P............ ≈≈≈♣
♣≈;............ ≈.≈♣
≈≈...........
##.P♣♣♣♣≈.P........
#..P≈;≈≈≈........#
#...P≈≈≈PP. #..#
#..P.P;PPP. #(.#
##..≈P≈;P# #l.# #....#
#@.# ###..## #..######
#...# ### #........
##..#####.###............#
#.......................#
#..###........##+#.##....#
##.# ###.....P......#....#
P.. #.....P......#....# #
##.# #............#....#


You could see a komodo dragon and a friendly spectral scimitar of flaming.

Vanquished Creatures
  Erica (D:9)
  3 two-headed ogres
  Pikel (D:5)
  A black mamba (Lair:1)
  A komodo dragon (Lair:1)
  2 trolls
  3 hippogriffs
  A wyvern (D:10)
  12 yaks
  A basilisk (Lair:1)
  A steam dragon (D:10)
  2 wargs (D:9)
  A water moccasin (D:8)
  2 ice beasts
  5 orc warriors
  2 phantoms (D:6)
  6 sky beasts
  3 centaurs
  7 ogres
  A crocodile (Lair:1)
  A big kobold (D:10)
  3 bullfrogs
  A gnoll sergeant (D:7)
  2 wyvern zombies
  A wyvern skeleton (D:9)
  5 scorpions
  5 wights (D:7)
  4 crimson imps
  3 howler monkeys
  2 bullfrog zombies (D:5)
  A quasit (D:7)
  2 centaur zombies
  4 hounds
  5 orc priests
  2 bullfrog skeletons
  8 orc wizards
  5 iguanas
  5 worker ants
  A hound zombie (D:4)
  A hound skeleton (D:7)
  A worker ant zombie (D:10)
  A howler monkey skeleton (D:8)
  19 adders
  6 gnolls
  2 river rats (D:3)
  A shadow imp (D:5)
  An adder skeleton (D:5)
  3 adder zombies
  10 worms
  A dart slug (D:2)
  3 leopard geckos
  36 orcs
  2 bats
  8 giant cockroaches
  6 goblins
  8 hobgoblins
  2 jackals (D:5)
  3 quokkas
  A ball python (D:3)
  7 frilled lizards
  15 kobolds
  2 quokka skeletons
  8 rats
263 creatures vanquished.

Vanquished Creatures (others)
  A fungus (Lair:1)
  A plant (Lair:1)
  4 spectral weapons
6 creatures vanquished.

Grand Total: 269 creatures vanquished

Notes
Turn   | Place    | Note
-------+----------+-------------------------------------------
     0 | D:1      | Mesmaeker13 the Draconian Skald began the quest for the Orb.
     0 | D:1      | Reached XP level 1. HP: 17/17 MP: 3/3
   319 | D:1      | Reached XP level 2. HP: 25/25 MP: 5/5
  1182 | D:2      | Reached XP level 3. HP: 25/30 MP: 6/6
  1930 | D:2      | Reached XP level 4. HP: 27/38 MP: 7/7
  2133 | D:3      | Noticed Leybi's ghost (amateur MiFi)
  2316 | D:3      | Found an iron altar of Okawaru.
  2489 | D:3      | Reached XP level 5. HP: 17/45 MP: 2/8
  2549 | D:3      | Reached skill level 1 in Maces & Flails
  2671 | D:3      | Found a glowing drain.
  3087 | D:3      | Learned a level 2 spell: Shroud of Golubria
  3290 | D:3      | Found an opulent altar of Gozag.
  3348 | D:3      | Reached XP level 6. HP: 43/52 MP: 6/9
  3396 | D:3      | Found a blossoming altar of Fedhas.
  3970 | D:4      | Reached skill level 2 in Maces & Flails
  4345 | D:4      | Found a deep blue altar of Sif Muna.
  4346 | D:4      | Found a radiant altar of Vehumet.
  4347 | D:4      | Found a sacrificial altar of Ru.
  4445 | D:4      | Reached skill level 3 in Maces & Flails
  4730 | D:5      | Entered Level 5 of the Dungeon
  4967 | D:5      | Reached skill level 1 in Translocations
  4967 | D:5      | Your scales start taking on a golden yellow colour.
  4967 | D:5      | Reached XP level 7. HP: 59/59 MP: 10/10
  5099 | D:5      | Noticed Pikel
  5160 | D:5      | Killed Pikel
  5160 | D:5      | Reached skill level 5 in Maces & Flails
  5160 | D:5      | Reached XP level 8. HP: 55/66 MP: 11/11
  5791 | D:6      | Reached skill level 5 in Dodging
  6039 | D:6      | Reached skill level 6 in Maces & Flails
  6800 | D:7      | Reached skill level 7 in Maces & Flails
  6877 | D:7      | Reached XP level 9. HP: 57/71 MP: 7/12
  7274 | D:7      | Found a staircase to the Ecumenical Temple.
  7548 | D:7      | Reached skill level 1 in Shields
  7551 | D:7      | Reached skill level 5 in Translocations
  7636 | D:7      | Reached skill level 8 in Maces & Flails
  8067 | Temple   | Entered the Ecumenical Temple
  8076 | Temple   | Became a worshipper of Ashenzari the Shackled
  8156 | D:8      | Found a hide-covered altar of Uskayaw.
  8233 | D:8      | Learned a level 3 spell: Spectral Weapon
  8336 | D:8      | Reached skill level 9 in Maces & Flails
  8336 | D:8      | Reached skill level 5 in Charms
  8345 | D:8      | Noticed a two-headed ogre
  8725 | D:8      | Reached skill level 1 in Hexes
  8926 | D:8      | Noticed a two-headed ogre
  8934 | D:8      | Killed a two-headed ogre
  8934 | D:8      | Reached XP level 10. HP: 79/79 MP: 13/13
  9069 | D:8      | Killed a two-headed ogre
  9069 | D:8      | Reached skill level 5 in Shields
  9371 | D:8      | Found a sparkling altar of Nemelex Xobeh.
  9376 | D:8      | Found an ancient bone altar of Kikubaaqudgha.
  9377 | D:8      | Found a glowing silver altar of Zin.
  9382 | D:8      | Found a hazy altar of Hepliaklqana.
  9462 | D:8      | Reached skill level 10 in Maces & Flails
  9732 | D:9      | Noticed Verendum's ghost (novice MiGl)
  9881 | D:9      | Noticed Erica
  9899 | D:9      | Killed Erica
 10222 | D:9      | Found a staircase to the Orcish Mines.
 10504 | D:9      | Found a staircase to the Lair.
 10907 | D:9      | Identified the ring of Eternal Harmony {MR+ Str+4}
 10918 | D:9      | Identified Sif Muna's Catalogue of Displacement and Aid
 10985 | D:10     | Entered Level 10 of the Dungeon
 11072 | D:10     | Found a basalt altar of Yredelemnul.
 11177 | D:10     | Reached skill level 5 in Hexes
 11409 | D:10     | Reached XP level 11. HP: 83/84 MP: 11/14
 11521 | D:10     | Found a hide-covered altar of Uskayaw.
 11727 | D:10     | Reached * piety under Ashenzari
 12000 | D:10     | Noticed a two-headed ogre
 12006 | D:10     | Killed a two-headed ogre
 12011 | D:10     | Reached skill level 11 in Maces & Flails
 12028 | D:10     | Learned a level 3 spell: Regeneration
 12086 | D:10     | Found Denkehol's Jewellery Boutique.
 12372 | Lair:1   | Entered Level 1 of the Lair of Beasts
 12462 | Lair:1   | Learned a level 4 spell: Animate Dead
 12526 | Lair:1   | Reached skill level 1 in Necromancy
 12702 | Lair:1   | Reached skill level 1 in Long Blades
 12923 | Lair:1   | Slain by a komodo dragon

Skill      XL: |  1  2  3  4  5  6  7  8  9 10 11 |
---------------+----------------------------------+-----
Charms         | 3 4 5 |  5.0
Fighting       | 3 4 |  4.2
Dodging        | 3 4 5 |  5.8
Maces & Flails | 1 3 5 7 9 10 11 | 11.2
Translocations | 1 2 4 5 |  5.0
Shields        | 4 6 7 |  7.9
Hexes          | 2 5 |  5.8
Necromancy     | 2 |  2.8
Long Blades    | 1 |  1.6
Polearms       | |  2.8
Spellcasting   | |  2.0

Action                   |  1- 3 |  4- 6 |  7- 9 | 10-12 || total
-------------------------+-------+-------+-------+-------++-------
Melee: Spear             |    23 |       |       |       ||    23
       Dagger            |    94 |    14 |       |       ||   108
       Tailslap          |    17 |    17 |    46 |    47 ||   127
       Flail             |       |   207 |   348 |   288 ||   843
       Scimitar          |       |       |       |    26 ||    26
Throw: Throwing net      |       |       |     1 |     1 ||     2
 Cast: Infusion          |     5 |     6 |     1 |     2 ||    14
       Shroud of Golubri |       |     1 |     5 |    14 ||    20
       Spectral Weapon   |       |       |       |    29 ||    29
       Regeneration      |       |       |       |     1 ||     1
Invok: Curse Item        |       |       |       |     3 ||     3
 Abil: Breathe Acid      |       |       |       |     4 ||     4
Evoke: Wand              |       |       |    14 |    12 ||    26
  Use: Scroll            |     4 |     2 |     6 |     4 ||    16
       Potion            |     1 |     1 |       |       ||     2
 Stab: Sleeping          |     2 |       |     2 |       ||     4
       Paralysed         |       |       |     8 |    18 ||    26
       Held in net/web   |       |       |       |     1 ||     1
  Eat: Chunk             |     3 |    10 |    14 |    14 ||    41
       Ration            |       |       |       |     1 ||     1
Armor: Skin              |    29 |    53 |   107 |    72 ||   261
Dodge: Dodged            |    59 |   153 |   226 |   151 ||   589
Block: Shield            |       |       |       |    14 ||    14
       Rpst.: Scimitar   |       |       |       |     3 ||     3
